 Dungeon Crawl Stone Soup version 0.29.1-1-gd02db6906a (webtiles) character file.

Game seed: 10848052698511711128

2244 LustLizard the Covert (level 9, -7/46 HPs)
             Began as a Spriggan Arcane Marksman on Sept 27, 2022.
             Mangled by a killer bee (8 damage)
             ... on level 6 of the Dungeon.
             The game lasted 00:15:15 (7584 turns).

LustLizard the Covert (Spriggan Arcane Marksman)    Turns: 7584, Time: 00:15:17

Health: -7/46      AC:  2    Str:  6    XL:     9   Next: 14%
Magic:  0/12       EV: 18    Int: 14    God:
Gold:   224        SH:  0    Dex: 20    Spells: 6/10 levels left

rFire   . . .      SeeInvis +   a - +1 sling
rCold   . . .      Faith    .   (no shield)
rNeg    . . .      Spirit   +   c - +0 robe
rPois   .          Reflect  .   (helmet restricted)
rElec   .          Harm     .   (no cloak)
rCorr   .          Rampage  .   (gloves unavailable)
Will    +....                   (boots unavailable)
Stlth   +++++.....              l - amulet of guardian spirit
HPRegen 0.15/turn               (no ring)
MPRegen 0.13/turn               (no ring)

@: lethally poisoned (-7 -> -15), very quick
A: very small, no large weapons, unfitting armour, see invisible, speed 3
a: no special abilities


You were on level 6 of the Dungeon.
You visited 1 branch of the dungeon, and saw 7 of its levels.

You collected 331 gold pieces.
You spent 107 gold pieces at shops.

Inventory:

Hand Weapons
 a - a +1 sling (weapon)
 o - the +2 rapier of the Traitor {flame, +Blink Will+ Str-4 Int+3}
   (You found it on level 4 of the Dungeon)

   It burns those it strikes, dealing additional fire damage.
   Str:       It affects your strength (-4).
   Int:       It affects your intelligence (+3).
   +Blink:    It lets you blink.
   Will:      It increases your willpower.
 D - a +0 arbalest
Missiles
 f - 19 poisoned darts
Armour
 c - a +0 robe (worn)
Jewellery
 l - an amulet of guardian spirit (around neck)
 z - an amulet of faith
Wands
 n - a wand of flame (16)
 q - a wand of digging (3)
Scrolls
 b - 3 scrolls of poison
 e - 3 scrolls of teleportation {unknown}
 i - 2 scrolls of blinking {unknown}
 p - 3 scrolls of noise {unknown}
 s - a scroll of enchant armour {unknown}
 t - 3 scrolls of vulnerability {unknown}
 u - a scroll of fear {unknown}
 v - 4 scrolls of torment {unknown}
 y - 3 scrolls of enchant weapon {unknown}
 A - a scroll of amnesia {unknown}
 C - a scroll of silence {unknown}
 F - 3 scrolls of fog
 G - a scroll of brand weapon {unknown}
 I - a scroll of immolation {unknown}
 J - a scroll of identify
Potions
 h - 2 potions of attraction
 j - 3 potions of mutation
 k - a potion of invisibility
 m - a potion of might
 r - a potion of ambrosia {unknown}
 w - 3 potions of degeneration
 x - 3 potions of brilliance
 B - a potion of flight {unknown}
 E - a potion of lignification {unknown}
 H - a potion of haste {unknown}


   Skills:
 + Level 4.5 Fighting
 * Level 8.2 Ranged Weapons
 - Level 2.6 Dodging
 + Level 10.1 Stealth
 - Level 1.3 Spellcasting
 - Level 4.0 Hexes
 - Level 4.0 Translocations


You had 6 spell levels left.
You knew the following spells:

 Your Spells              Type           Power      Damage    Failure   Level
a - Slow                  Hex            48%        N/A       4%          1
b - Portal Projectile     Hex/Tloc       24%        N/A       14%         3

Your spell library contained the following spells:

 Spells                   Type           Power      Damage    Failure   Level
 Gell's Gravitas          Tloc           12%        N/A       14%         3
 Teleport Other           Tloc           12%        N/A       14%         3
 Inner Flame              Hex/Fire       6%         N/A       32%         3
 Static Discharge         Conj/Air       0%         3-3/arc   36%         2
 Cause Fear               Hex            6%         N/A       43%         4
 Lightning Bolt           Conj/Air       0%         1d11      100%        5
 Dispersal                Tloc           6%         N/A       100%        6
 Maxwell's Capacitive Co  Air            0%         ∞         100%        8


Dungeon Overview and Level Annotations

Branches:
Dungeon (7/15)
 Temple: D:4-7

Altars:
Gozag
Hepliaklqana
Zin

Shops:
D:1 *   D:3 *


Innate Abilities, Weirdness & Mutations

You are very small and have problems with some larger weapons.
You are too small for most types of armour.
You have supernaturally acute eyesight. (SInv)
You cover ground extremely quickly. (Speed+++)


Message History

You feel sick. The killer bee misses you. x2
Fire: a) +1 sling
Press: ? - help, Q - select action, (/) - cycle Shift-Dir - straight line, f/p - killer bee
Aim: a killer bee (almost dead, 44% to hit)
You shoot a sling bullet.
The sling bullet hits the killer bee but does no damage.
The killer bee is almost dead.
You feel sick. The killer bee misses you. The killer bee closely misses you.
Fire: a) +1 sling
Press: ? - help, Q - select action, (/) - cycle Shift-Dir - straight line, f/p - killer bee
Aim: a killer bee (almost dead, 44% to hit)
You shoot a sling bullet. The sling bullet hits the killer bee!
You kill the killer bee!
You feel sick.
Fire: a) +1 sling
Press: ? - help, Q - select action, (/) - cycle Shift-Dir - straight line, f - killer bee
Aim: a killer bee (heavily wounded, 44% to hit)
You shoot a sling bullet.
The sling bullet barely misses the killer bee.
You feel sick. The killer bee completely misses you. The killer bee misses you.
Fire: a) +1 sling
Press: ? - help, Q - select action, (/) - cycle Shift-Dir - straight line, f/p - killer bee
Aim: a killer bee (heavily wounded, 44% to hit)
You shoot a sling bullet.
The sling bullet barely misses the killer bee.
You feel sick. The killer bee closely misses you.
The killer bee completely misses you.
Okay, then.
Fire: a) +1 sling
Press: ? - help, Q - select action, (/) - cycle Shift-Dir - straight line, f/p - killer bee
Aim: a killer bee (heavily wounded, 44% to hit)
You shoot a sling bullet.
The sling bullet barely misses the killer bee.
You feel sick.
You are no longer poisoned.
The killer bee stings you.
* * * LOW HITPOINT WARNING * * *
You are lethally poisoned!
The killer bee poisons you! The killer bee stings you!
You die...

....#.##### ####.####
.y.# ..#.#.# #[# #####
....# .<..#.#
#########.## #...##...).
.#..#.# #......##..#
#....y..# ....#.#
#.####.##..## #...y#
##..#.#
#.#.........#####.## #
.#..#.#
#.#....####..###...##..#.
.#..#.#
#.##########.#)..#.......
.#..#.#
#.....†.@y†.>..#####..#..
.####.# ################
#.# ....#.# ... ..#.#.#
... ..#.#.# ## ..#.#.#
..#.#.# ..#.#.# ..#.#.#


You could see a killer bee.

Vanquished Creatures
  A sky beast (D:7)
  An ice beast (D:7)
  A black bear (D:6)
  3 ogres
  3 bullfrogs (D:6)
  7 scorpions
  8 wights
  5 killer bees (D:6)
  A jelly (D:7)
  2 orc priests (D:6)
  5 hounds
  An iguana (D:4)
  Ijyb (D:2)
  An orc wizard (D:6)
  8 adders
  A shadow imp (D:5)
  2 dart slugs (D:1)
  13 orcs
  12 ball pythons
  9 endoplasms
  7 giant cockroaches
  8 goblins
  6 hobgoblins
  6 jackals
  7 quokkas
  3 bats
  5 frilled lizards
  7 kobolds
  6 rats
140 creatures vanquished.

Vanquished Creatures (others)
  9 plants (D:6)
9 creatures vanquished.

Grand Total: 149 creatures vanquished

Notes
Turn   | Place    | Note
-------+----------+-------------------------------------------
     0 | D:1      | LustLizard the Spriggan Arcane Marksman began the quest for
                  | the Orb.
     0 | D:1      | Reached XP level 1. HP: 9/9 MP: 3/3
     4 | D:1      | Found Byabuett's General Store.
    60 | D:1      | Reached skill level 1 in Stealth
   188 | D:1      | Reached skill level 1 in Fighting
   188 | D:1      | Reached XP level 2. HP: 14/14 MP: 5/5
   276 | D:1      | Reached skill level 2 in Stealth
   467 | D:1      | Reached XP level 3. HP: 18/18 MP: 6/6
   825 | D:2      | Found the +6 shillelagh "Devastator" {shatter}
   952 | D:2      | Reached skill level 3 in Stealth
   957 | D:2      | Found a faded altar of an unknown god.
  1218 | D:2      | Reached XP level 4. HP: 22/22 MP: 7/7
  1673 | D:3      | Noticed Ijyb
  1713 | D:2      | Killed Ijyb
  1744 | D:3      | Found Gaupliff's Assorted Antiques.
  1754 | D:3      | Bought an amethyst potion for 19 gold pieces
  1754 | D:3      | Bought a scroll labelled BODGHE DIDGHY for 22 gold pieces
  1754 | D:3      | Bought 2 scrolls labelled OSYOLO CUATI for 44 gold pieces
  1754 | D:3      | Bought a scroll labelled YVEALU DETZEY for 22 gold pieces
  1895 | D:3      | Found an opulent altar of Gozag.
  1962 | D:3      | Reached skill level 4 in Stealth
  1975 | D:3      | Found a glowing silver altar of Zin.
  2163 | D:4      | Noticed an ogre
  2204 | D:4      | Killed an ogre
  2205 | D:4      | Reached skill level 5 in Stealth
  2205 | D:4      | Reached XP level 5. HP: 26/26 MP: 6/8
  2238 | D:4      | Identified the +2 rapier of the Traitor {flame, +Blink
                  | Will+ Str-4 Int+3}
  2410 | D:4      | Reached XP level 6. HP: 30/30 MP: 9/9
  2434 | D:4      | Identified the +1 leather armour of Responsibility {-Tele
                  | rC+ rN++ Int+2}
  2584 | D:4      | Reached skill level 6 in Stealth
  3048 | D:5      | Entered Level 5 of the Dungeon
  3107 | D:5      | Reached skill level 5 in Ranged Weapons
  3183 | D:5      | Reached skill level 7 in Stealth
  3183 | D:5      | Reached XP level 7. HP: 5/35 MP: 6/10
  4700 | D:6      | Found a hazy altar of Hepliaklqana.
  4719 | D:6      | Reached skill level 8 in Stealth
  5064 | D:6      | Learned a level 3 spell: Portal Projectile
  5240 | D:6      | Reached skill level 1 in Translocations
  5240 | D:6      | Reached XP level 8. HP: 22/40 MP: 8/11
  6094 | D:6      | Reached skill level 9 in Stealth
  6895 | D:7      | Reached XP level 9. HP: 46/46 MP: 12/12
  7432 | D:6      | Reached skill level 10 in Stealth
  7584 | D:6      | HP: 1/46 [killer bee (4)]
  7584 | D:6      | Mangled by a killer bee

Illustrated notes

Levels and vault maps discovered:
D:1:      minmay_arrival_three_doors, layout_rooms, serial_shops, shop,
          minmay_misc_feat_nine_boxes, minmay_misc_feat_diagonals
D:2:      layout_basic, ebering_ecumenical_altar_mist
D:3:      layout_rooms, pdpol_temple_overflow_zin_treasury_gozag_greed,
          serial_shops, nicolae_shop_statue_plus, uniq_ijyb
D:4:      minmay_opposing_rooms, layout_rooms
D:5:      layout_loops_ring, chequers_serial_rivers_marsh
D:6:      layout_basic, nicolae_hepliaklqana_hazy_memory,
          minmay_temple_entry_ruins
D:7:      layout_layer_cave, uniq_maggie

Skill      XL: |  1  2  3  4  5  6  7  8  9 |
---------------+----------------------------+-----
Stealth        | 1 2 3 5 7 8 9 10 | 10.1
Fighting       | 1 2 3 4 |  4.5
Hexes          | 4 |  4.0
Ranged Weapons | 3 4 5 6 7 8 |  8.2
Translocations | 1 4 |  4.0
Dodging        | |  2.6
Spellcasting   | |  1.3

Action                   |  1- 3 |  4- 6 |  7- 9 || total
-------------------------+-------+-------+-------++-------
 Fire: Sling             |   131 |   207 |   377 ||   715
 Cast: Slow              |     1 |    18 |    29 ||    48
  Use: Scroll            |       |     6 |     2 ||     8
       Potion            |       |       |     9 ||     9
Armor: Robe              |    10 |     2 |     7 ||    19
Dodge: Dodged            |    32 |    38 |   127 ||   197
